 Dungeon Crawl Stone Soup version 0.16.1-51-g6203257 (webtiles) character file.

24168 poirepourri the Nimble (level 12, -14/120 HPs)
             Began as a Deep Dwarf Berserker on Aug 6, 2015.
             Was a Priest of Trog.
             Killed from afar by a fire dragon (64 damage)
             ... with a blast of flame
             ... on level 15 of the Dungeon.
             The game lasted 00:46:39 (11842 turns).

poirepourri the Nimble (Deep Dwarf Berserker)      Turns: 11842, Time: 00:46:41

Health: -14/120    AC: 12    Str: 31    XL:     12   Next: 78%
Magic:  13/13      EV: 17    Int:  8    God:    Trog [***...]
Gold:   432        SH: 12    Dex: 17    Spells: 0 memorised, 11 levels left

rFire  . . .     SeeInvis .     a - +7 hand axe (elec)
rCold  . . .     Clarity  .     k - +0 scale mail
rNeg   + . .     SustAb   .     C - +0 shield
rPois  .         Gourm    .     (no helmet)
rElec  .         Spirit   .     l - +1 cloak {MR+}
rCorr  .         Warding  +     Q - +0 pair of gloves
rMut   .         Stasis   .     (no boots)
MR     ++...                    G - amulet of warding
Stlth  +.........               D - +4 ring of dexterity
                                p - +6 ring of strength

@: about to teleport, non-regenerating, very resistant to hostile enchantments,
very unstealthy
A: damage resistance, recharge devices, sense surroundings 2, slow healing 3
a: Device Recharging, Burn Spellbooks, Berserk, Trog's Hand, Renounce Religion


You were on level 15 of the Dungeon.
You worshipped Trog.
Trog was most pleased with you.
You were full.

You visited 2 branches of the dungeon, and saw 14 of its levels.

You collected 623 gold pieces.
You spent 191 gold pieces at shops.

Inventory:

Hand weapons
 a - a +7 hand axe of electrocution (weapon)
 x - a +2 antimagic war axe
 P - a +2 hand axe of venom
Missiles
 J - 3 tomahawks of returning (quivered)
Armour
 b - a +0 animal skin
 k - a +0 scale mail (worn)
 l - a +1 cloak of magic resistance (worn)
 t - a +0 leather armour
 C - a +0 shield (worn)
 H - a +1 cloak
 Q - a +0 pair of gloves (worn)
Jewellery
 e - an uncursed ring of magical power
 f - an uncursed ring of protection from magic
 h - a cursed ring of sustain abilities
 j - a cursed ring of loudness
 p - a +6 ring of strength (left hand)
 u - a +2 ring of protection
 A - an uncursed amulet of guardian spirit
 D - a +4 ring of dexterity (right hand)
 G - an amulet of warding (around neck)
 N - an uncursed ring of ice
Magical devices
 c - a wand of heal wounds (1)
 m - a wand of disintegration (0)
 s - a wand of digging (2)
 v - a wand of frost (9)
 y - a wand of teleportation (5)
 z - a wand of random effects (14)
 K - a wand of digging (7)
 M - a wand of enslavement (0)
Scrolls
 g - 7 scrolls of remove curse
 i - 4 scrolls of teleportation
 o - a scroll of fog
 r - a scroll of fear
 T - a scroll of identify
Potions
 n - a potion of lignification
 E - a potion of berserk rage
 L - a potion of mutation
 O - a potion of invisibility
 S - a potion of might
Comestibles
 d - 4 bread rations
 q - 34 fruits
 w - a beef jerky
 B - 3 meat rations
 F - a royal jelly


   Skills:
 * Level 11.4 Fighting
 + Level 10.7 Axes
 + Level 1.4 Throwing
 + Level 9.5 Armour
 + Level 11.5 Dodging
 + Level 3.9 Stealth
 + Level 7.0 Shields
 + Level 3.8 Evocations


You had 11 spell levels left.
You didn't know any spells.

Dungeon Overview and Level Annotations

Branches:
Dungeon (15/15)            Temple (0/1) D:7            Lair (1/8) D:8
    Orc (0/4) D:11
 Vaults: D:13-14     Depths: D:15

Altars:
Cheibriados
Dithmenos
Fedhas
Gozag
Ru
Sif Muna
Trog
Vehumet
Xom
Yredelemnul

Shops:
D:8 [   D:9 *


Innate Abilities, Weirdness & Mutations

You are resistant to damage.
You can recharge devices by infusing magical energy.
You passively map the area around you.
You do not heal naturally.


Message History

The ice dragon tramples you.
You hold your ground!
The fire dragon breathes flames at you. The blast of flame hits you!
* * * LOW HITPOINT WARNING * * *
Zapping:
c - a wand of heal wounds (2)
Press: ? - help, Shift-Dir - straight line, f - you You feel much better.
This wand has 1 charge left.
The ice dragon barely misses you. x2
The ice dragon tramples you.
You hold your ground!
The fire dragon bites you. The fire dragon misses you.
The fire dragon tramples you.
You hold your ground!
There isn't anything here!
Read which item? (? for menu, Esc to quit)
As you read the scroll of teleportation, it crumbles to dust.
You feel strangely unstable. The ice dragon closely misses you.
The ice dragon misses you.
The ice dragon tramples you but does no damage.
The fire dragon breathes flames at you. The blast of flame hits you!
Ouch! That really hurt!
You die...

#.....# #...# #.....#######...# *
####....(..........# *,
...................#
...................#
......#######......#
.....##$$$$.##.....######### ,
....##.......#####.......... ,
....# #...D@##.......... ,,
....##.......##D..##..######, ,,
.)...##$$$$.###.8..##.# #...
......########......#.# #.. ,
......................# #.#
....####'#............######.#
....#....#...................#
....#....#..........[........#
#...#....#..########.........####


You could see a fire dragon and an ice dragon.

Vanquished Creatures
  Harold (D:11)
  A centaur warrior (D:15)
  Nessos (D:15)
  3 tengu warriors
  Urug (D:11)
  Erolcha (D:10)
  5 hill giants
  4 ugly things
  2 cyclopes
  A centaur zombie (D:11)
  A komodo dragon (Lair:1)
  A freezing wraith (D:15)
  The ghost of SaintRoka the Chopper, an average NaWn (D:4)
  3 trolls
  A two-headed ogre (D:11)
  4 blink frogs (Lair:1)
  4 ravens
  4 wyverns
  A wraith (D:11)
  8 wolves (Lair:1)
  6 yaks
  6 hippogriffs
  A porcupine (Lair:1)
  Menkaure (D:7)
  4 water moccasins
  3 black bears
  6 ogres
  An ice beast (D:11)
  9 orc warriors
  3 crocodiles (Lair:1)
  6 centaurs
  2 sky beasts
  A big kobold (D:11)
  3 giant frogs
  A wyvern zombie (D:9)
  3 scorpions
  A water moccasin skeleton (D:7)
  3 electric eels
  7 killer bees
  A wandering mushroom (D:8)
  13 wights
  2 crimson imps
  2 goliath beetles
  9 hounds
  9 orc priests
  A quasit (D:10)
  A giant frog skeleton (D:8)
  A lava snake (Lair:1)
  6 iguanas
  2 centaur skeletons
  9 orc wizards
  10 worker ants
  A killer bee zombie (D:9)
  2 hound skeletons
  4 gnolls (D:9)
  A worker ant zombie (D:11)
  13 adders
  5 river rats (Lair:1)
  2 shadow imps
  3 worms
  4 giant geckos
  2 oozes
  43 orcs
  2 ball pythons
  10 bats
  2 bat skeletons
  A bat zombie (D:7)
  5 giant cockroaches
  15 goblins
  19 hobgoblins
  2 jackals (D:5)
  17 kobolds
  5 quokkas
  A giant gecko skeleton (D:4)
  6 giant newts
  13 rats
  7 fungi (D:8)
366 creatures vanquished.

Vanquished Creatures (collateral kills)
  A komodo dragon (Lair:1)
  A raven (D:11)
  7 yaks
  Eustachio (D:10)
  A wolf (Lair:1)
  Sigmund (D:7)
  A giant frog (D:10)
  An orc priest (D:11)
  2 orcs (D:7)
  A fungus (Lair:1)
17 creatures vanquished.

Vanquished Creatures (others)
  2 ogres (D:11)
  An orc (D:7)
  A fungus (Lair:1)
  2 plants
6 creatures vanquished.

Grand Total: 389 creatures vanquished

Notes
Turn   | Place    | Note
--------------------------------------------------------------
     0 | D:1      | poirepourri, the Deep Dwarf Berserker, began the quest for the Orb.
     0 | D:1      | Reached XP level 1. HP: 20/20 MP: 1/1
   122 | D:1      | Reached XP level 2. HP: 24/28 MP: 2/2
   879 | D:2      | Acquired Trog's second power
   979 | D:2      | Reached XP level 3. HP: 19/34 MP: 3/3
  1777 | D:3      | Reached XP level 4. HP: 33/42 MP: 4/4
  2045 | D:4      | Found a shadowy altar of Dithmenos.
  2091 | D:4      | Found an opulent altar of Gozag.
  2154 | D:4      | Noticed a sky beast
  2164 | D:4      | Killed a sky beast
  2164 | D:4      | Reached skill level 4 in Axes
  2164 | D:4      | Reached XP level 5. HP: 35/50 MP: 5/5
  2294 | D:4      | Reached skill level 1 in Stealth
  2294 | D:4      | Reached XP level 6. HP: 37/57 MP: 6/6
  2472 | D:4      | Reached skill level 5 in Dodging
  2546 | D:4      | Noticed SaintRoka's ghost (average NaWn)
  2572 | D:4      | Killed SaintRoka's ghost
  2572 | D:4      | Reached skill level 5 in Axes
  2572 | D:4      | Reached XP level 7. HP: 58/66 MP: 7/7
  2682 | D:4      | Found a shimmering altar of Xom.
  2683 | D:4      | Found a blossoming altar of Fedhas.
  2685 | D:4      | Found a sacrificial altar of Ru.
  2687 | D:4      | Found a bloodstained altar of Trog.
  2689 | D:4      | Found a basalt altar of Yredelemnul.
  2930 | D:5      | Entered Level 5 of the Dungeon
  3250 | D:5      | Reached skill level 5 in Fighting
  3914 | D:6      | Reached skill level 6 in Dodging
  4074 | D:6      | Reached XP level 8. HP: 27/76 MP: 8/8
  4607 | D:6      | Acquired Trog's third power
  4607 | D:6      | Reached skill level 7 in Dodging
  4881 | D:7      | Noticed Sigmund
  4908 | D:7      | Killed Sigmund
  5085 | D:7      | Noticed Menkaure
  5094 | D:7      | Killed Menkaure
  5094 | D:7      | Reached skill level 1 in Evocations
  5254 | D:7      | Found a staircase to the Ecumenical Temple.
  5260 | D:7      | Reached skill level 8 in Dodging
  5260 | D:7      | Gained mutation: You passively map the area around you. [level up]
  5260 | D:7      | Reached XP level 9. HP: 63/85 MP: 10/10
  5457 | D:7      | Found a radiant altar of Vehumet.
  5768 | D:8      | Found a deep blue altar of Sif Muna.
  5818 | D:8      | Found a staircase to the Lair.
  6074 | Lair:1   | Entered Level 1 of the Lair of Beasts
  6126 | Lair:1   | Reached skill level 5 in Armour
  6197 | Lair:1   | Reached skill level 9 in Dodging
  6301 | Lair:1   | Received a gift from Trog
  6359 | Lair:1   | Noticed a komodo dragon
  6387 | Lair:1   | Killed a komodo dragon
  6387 | Lair:1   | Reached XP level 10. HP: 53/96 MP: 13/13
  6738 | Lair:1   | Found a snail-covered altar of Cheibriados.
  7845 | D:8      | Found Alirad's Antique Armour Shoppe.
  7854 | D:8      | Bought a runed cloak for 121 gold pieces
  7985 | D:9      | Found Qinkiaph's General Store.
  7991 | D:9      | Bought a meat ration for 70 gold pieces
  8334 | D:9      | Reached skill level 1 in Shields
  8334 | D:9      | Reached XP level 11. HP: 54/106 MP: 14/14
  8887 | D:9      | Reached skill level 10 in Dodging
  9119 | D:9      | Found a deep blue altar of Sif Muna.
  9247 | D:10     | Entered Level 10 of the Dungeon
  9271 | D:10     | Noticed Erolcha
  9276 | D:10     | Noticed a hill giant
  9278 | D:10     | Noticed a hill giant
  9284 | D:10     | Killed Erolcha
  9290 | D:10     | Killed a hill giant
  9298 | D:10     | Killed a hill giant
  9298 | D:10     | Reached skill level 10 in Fighting
  9319 | D:10     | Reached skill level 1 in Throwing
  9610 | D:10     | Noticed Eustachio
  9620 | D:10     | Killed Eustachio
  9998 | D:11     | Noticed a hill giant
 10006 | D:11     | Killed a hill giant
 10162 | D:11     | Found a basalt altar of Yredelemnul.
 10255 | D:11     | Noticed Urug
 10275 | D:11     | Killed Urug
 10390 | D:11     | Reached XP level 12. HP: 76/118 MP: 16/16
 10416 | D:11     | Reached skill level 5 in Shields
 10553 | D:11     | Found a staircase to the Orcish Mines.
 10670 | D:11     | Noticed a hill giant
 10684 | D:11     | Killed a hill giant
 10684 | D:11     | Reached skill level 10 in Axes
 10735 | D:11     | Noticed a hill giant
 10745 | D:11     | Killed a hill giant
 10808 | D:11     | Noticed a tengu warrior
 10831 | D:11     | Killed a tengu warrior
 10933 | D:11     | Noticed Harold
 10947 | D:11     | Killed Harold
 10947 | D:11     | Reached skill level 11 in Dodging
 11172 | D:12     | You fall through a shaft for 3 floors!
 11172 | D:15     | Entered Level 15 of the Dungeon
 11172 | D:15     | Noticed Nessos
 11178 | D:15     | Noticed a centaur warrior
 11244 | D:15     | Noticed a centaur warrior
 11262 | D:15     | Killed a centaur warrior
 11699 | D:15     | Killed Nessos
 11814 | D:15     | Noticed a fire dragon
 11815 | D:15     | Noticed an ice dragon
 11842 | D:15     | Killed from afar by a fire dragon

Action                   |  1- 3 |  4- 6 |  7- 9 | 10-12 || total
-------------------------+-------+-------+-------+-------++-------
Melee: Hand axe          |   170 |    90 |   368 |   767 ||  1395
Throw: Tomahawk          |       |       |     6 |    10 ||    16
Invok: Berserk           |     1 |     3 |     3 |     3 ||    10
       Burn Spellbooks   |     1 |       |     1 |     3 ||     5
       Trog's Hand       |     1 |     3 |    23 |    39 ||    66
       Brothers in Arms  |       |       |     2 |     6 ||     8
 Abil: Device Recharging |       |       |       |     5 ||     5
Evoke: Wand              |     3 |     2 |    14 |    36 ||    55
  Use: Scroll            |     5 |     7 |    10 |    19 ||    41
       Potion            |     2 |       |     5 |    11 ||    18
 Stab: Sleeping          |       |     1 |     1 |       ||     2
       Distracted        |       |       |       |     1 ||     1
  Eat: Meat ration       |     1 |     1 |     2 |     5 ||     9
       Fruit             |       |     1 |     2 |     2 ||     5
       Bread ration      |       |       |     1 |     1 ||     2
       Pizza             |       |       |     2 |       ||     2
       Chunk             |       |       |       |     1 ||     1
       Beef jerky        |       |       |       |     1 ||     1
